 Dungeon Crawl Stone Soup version bcrawl-1.14 (webtiles) character file.

Game seed: 10545799362805342653

417 Revguard the Agent of Entropy (level 6, 0/48 HPs)
             Began as a Demonspawn Abyssal Knight on Sept 6, 2019.
             Was a Priest of Lugonu.
             Slain by Pikel
             ... wielding a +1 whip of flaming
              (2 damage)
             ... on level 4 of the Dungeon.
             The game lasted 00:11:17 (4407 turns).

Revguard the Agent of Entropy (DsAK)                Turns: 4407, Time: 00:11:18

Health: 0/48       AC:  6    Str: 14    XL:     6   Next: 61%
Magic:  9/9        EV:  9    Int: 13    God:    Lugonu [***...]
Gold:   165        SH:  0    Dex: 15    Spells: 5/5 levels left

rFire    . . .     SeeInvis .   a - +2 falchion
rCold    . . .     Gourm    .   e - +0 buckler
rNeg     . . .     Faith    .   g - +0 scale mail
rPois    .         Spirit   .   (no helmet)
rElec    .         Reflect  .   (no cloak)
rCorr    .         Harm     .   (no gloves)
MR       .....                  (no boots)
Stlth    ..........             (no amulet)
HPRegen  0.16/turn              (no ring)
MPRegen  0.11/turn              (no ring)

@: confused
A: thin skeletal structure 1, spiny 1
a: Depart the Abyss, Bend Space, Banish, Renounce Religion


You were on level 4 of the Dungeon.
You worshipped Lugonu.
Lugonu was most pleased with you.
You were not hungry.

You visited 1 branch of the dungeon, and saw 4 of its levels.
You visited the Abyss 1 time.

You collected 165 gold pieces.

Inventory:

Hand Weapons
 a - a +2 falchion (weapon)
Armour
 e - a +0 buckler (worn)
 g - a +0 scale mail (worn)
Wands
 j - a wand of flame (22)
Scrolls
 f - a scroll of enchant weapon
 i - 3 scrolls of teleportation {unknown}
 k - a scroll of immolation
 m - a scroll of remove curse {unknown}
Potions
 d - a potion of curing
 l - a potion of might {unknown}
 n - a potion of agility {unknown}
Comestibles
 c - 10 rations {!d}


   Skills:
 + Level 4.2 Fighting
 + Level 3.7 Long Blades
 + Level 3.4 Armour
 + Level 1.4 Dodging
 * Level 1.6 Shields
 * Level 4.3 Invocations


You had 5 spell levels left.
You didn't know any spells.
Your spell library was empty.

Dungeon Overview and Level Annotations

Branches:
Dungeon (4/12)
 Temple: D:4-7

Altars:
Elyvilon
Fedhas
Lugonu
Wu Jian
Xom

Shops:
D:4 %

Annotations:
D:4 Pikel


Innate Abilities, Weirdness & Mutations

You have a somewhat thin skeletal structure. (Dex +2, Stealth)
You are partially covered in sharp spines.


Message History

The slave is struck by your spines. The slave hits you.
* * * LOW HITPOINT WARNING * * *
You are confused.
You feel invigorated. The slave is struck by your spines.
The slave hits you but does no damage.
Pikel hits you with a +1 whip of flaming.
* * * LOW HITPOINT WARNING * * *
Pikel burns you.
* * * LOW HITPOINT WARNING * * *
The slave closely misses you. The slave is struck by your spines.
The slave barely misses you.
Okay, then.
You hit the slave.
The slave is severely wounded.
The slave hits you.
* * * LOW HITPOINT WARNING * * *
Pikel hits you with a +1 whip of flaming.
* * * LOW HITPOINT WARNING * * *
Pikel burns you.
You die...

......Kp.......# #.....######
...p.5p..####### #...........
....###### #...........
....p....# #######...........
....#p...# ##.....#...........
'####....# #......#...........
....#...########.....#...........
...##.5.##....##p....########'###
...##...##.....p@.....#.....#....
.........#.....Kp.....#.....#....
.........'....#########.....#....
........##....##.....##.....#....
........##....##.....#......#....
.....................##....##...#
.....................##....##...#
.................>....'....##...#
#..##.####..####.....##..........


You could see Pikel and 3 slaves.

Vanquished Creatures
  A centaur (D:3)
  An orc priest (D:4)
  Terence (D:2)
  5 worker ants
  A hound skeleton (D:4)
  3 gnolls (D:2)
  2 adders
  A shadow imp (D:4)
  3 oozes
  A worm (D:1)
  4 dart slugs
  A leopard gecko (D:2)
  8 orcs
  4 bats
  3 giant cockroaches
  5 goblins
  7 hobgoblins
  2 jackals (D:1)
  6 kobolds
  2 quokkas
  3 ball pythons
  2 frilled lizards
  A quokka skeleton (D:4)
  10 rats
77 creatures vanquished.

Notes
Turn   | Place    | Note
-------+----------+-------------------------------------------
     0 | Abyss:1  | Revguard the Demonspawn Abyssal Knight began the quest for
                  | the Orb.
     0 | Abyss:1  | Reached XP level 1. HP: 18/18 MP: 2/2
     5 | Abyss:1  | Found a corrupted altar of Lugonu.
    47 | Abyss:1  | Found a corrupted altar of Lugonu.
    80 | D:1      | Escaped the Abyss
   186 | D:1      | Gained mutation: You are partially covered in sharp spines.
                  | [demonic ancestry]
   186 | D:1      | Reached XP level 2. HP: 23/24 MP: 4/4
   529 | D:1      | Reached ** piety under Lugonu
   529 | D:1      | Gained mutation: You have a somewhat thin skeletal
                  | structure. (Dex +2, Stealth) [demonic ancestry]
   529 | D:1      | Reached XP level 3. HP: 30/30 MP: 5/5
  1074 | D:2      | Noticed Terence
  1332 | D:2      | Killed Terence
  1332 | D:2      | Reached skill level 1 in Dodging
  1332 | D:2      | Reached XP level 4. HP: 16/37 MP: 6/6
  1586 | D:2      | Found a shimmering altar of Xom.
  1973 | D:2      | Found a white marble altar of Elyvilon.
  1974 | D:2      | Found an ornate altar of the Wu Jian Council.
  1980 | D:2      | Found a blossoming altar of Fedhas.
  2103 | D:2      | Reached XP level 5. HP: 31/42 MP: 7/7
  2625 | D:3      | Noticed a centaur
  2637 | D:3      | Killed a centaur
  2637 | D:3      | Reached skill level 1 in Shields
  2926 | D:3      | Found a corrupted altar of Lugonu.
  3658 | D:4      | Found Powni's Food Shoppe.
  3757 | D:4      | Reached XP level 6. HP: 29/48 MP: 9/9
  3963 | D:4      | Reached *** piety under Lugonu
  4279 | D:4      | Noticed a slave
  4279 | D:4      | Noticed a slave
  4279 | D:4      | Noticed a slave
  4280 | D:4      | Noticed Pikel
  4280 | D:4      | Noticed a slave
  4407 | D:4      | HP: 2/48 [Pikel/+1 whip of flaming (4)]
  4407 | D:4      | Slain by Pikel

Skill      XL: |  1  2  3  4  5 |
---------------+----------------+-----
Long Blades    | 2 3 |  3.7
Armour         | 2 3 |  3.4
Invocations    | 3 4 |  4.3
Dodging        | 1 |  1.4
Fighting       | 4 |  4.2
Shields        | 1 |  1.6

Action                   |  1- 3 |  4- 6 || total
-------------------------+-------+-------++-------
Melee: Falchion          |   102 |   128 ||   230
Invok: Bend Space        |     2 |     1 ||     3
  Use: Scroll            |       |     3 ||     3
       Potion            |       |     5 ||     5
  Eat: Chunk             |     1 |    10 ||    11
Armor: Ring mail         |    38 |       ||    38
       Scale mail        |       |    51 ||    51
Dodge: Dodged            |    46 |    50 ||    96
Block: Buckler           |       |    28 ||    28
